 Dungeon Crawl Stone Soup version 0.29.0-7-g18a832c13a (webtiles) character file.

Game seed: 6304611469783082553

103759 tilp the Severer (level 15, 0/143 HPs)
             Began as a Minotaur Berserker on Aug 31, 2022.
             Was a High Priest of Trog.
             Slain by Agnes
             ... wielding a +0 spectral lajatang
              (10 damage)
             ... on level 14 of the Dungeon.
             The game lasted 00:39:35 (24222 turns).

tilp the Severer (Minotaur Berserker)              Turns: 24222, Time: 00:39:36

Health: 0/143      AC: 34    Str: 29    XL:     15   Next: 90%
Magic:  14/14      EV: 13    Int:  4    God:    Trog [*****.]
Gold:   289        SH:  0    Dex: 10    Spells: 14/14 levels left

rFire   . . .      SeeInvis .   a - +2 battleaxe (vorpal)
rCold   . . .      Faith    .   (shield currently unavailable)
rNeg    . . .      Spirit   .   d - +5 storm dragon scales of Leqek {rElec Will++}
rPois   +          Reflect  .   (helmet restricted)
rElec   +          Harm     .   t - +2 cloak of Saafiegi {rElec}
rCorr   .          Rampage  .   O - +1 pair of gloves
Will    +++++                   c - +0 pair of boots
Stlth   ..........              i - amulet of regeneration
HPRegen 2.13/turn               R - +4 ring of protection
MPRegen 0.14/turn               L - ring of poison resistance

@: strong-willed (expiring), regenerating (expiring)
A: horns 2, retaliatory headbutt
a: Renounce Religion, Berserk, Trog's Hand, Brothers in Arms


You were on level 14 of the Dungeon.
You worshipped Trog.
Trog was extremely pleased with you.
You visited 3 branches of the dungeon, and saw 22 of its levels.
You also visited: Ossuary and Gauntlet.

You collected 3190 gold pieces.
You spent 2901 gold pieces at shops.

Inventory:

Hand Weapons
 a - a +2 vorpal battleaxe (weapon)
 b - a +3 broad axe of flaming
Missiles
 g - 25 boomerangs
 k - 4 throwing nets
 m - 9 javelins
 v - 30 poisoned darts (quivered)
 w - 5 silver javelins
 T - 3 atropa-tipped darts
 V - 4 curare-tipped darts
Armour
 c - a +0 pair of boots (worn)
 d - the +5 storm dragon scales of Leqek (worn) {rElec Will++}
   (You bought it in a shop on level 2 of the Orcish Mines)

   rElec:     It insulates you from electricity.
   Will:      It greatly increases your willpower.
 t - the +2 cloak of Saafiegi (worn) {rElec}
   (You found it in a Gauntlet)

   rElec:     It insulates you from electricity.
 O - a +1 pair of gloves (worn)
Jewellery
 i - an amulet of regeneration (around neck)
 r - a +4 ring of protection
 A - a ring of willpower
 D - a ring of fire
 E - a ring of flight
 J - a ring of resist corrosion
 L - a ring of poison resistance (right hand)
 N - the amulet of Seovunk {Faith Str+2}
   (You found it on level 5 of the Lair of Beasts)

   [amulet of faith]

   It allows you to gain divine favour quickly.
   Str:       It affects your strength (+2).
 P - a ring of fire
 R - a +4 ring of protection (left hand)
Wands
 l - a wand of mindburst (18)
 q - a wand of flame (60)
 y - a wand of iceblast (32)
 B - a wand of acid (20)
 Q - a wand of charming (8)
 Z - a wand of digging (3)
Scrolls
 e - 3 scrolls of poison
 h - 2 scrolls of immolation
 o - 8 scrolls of identify
 p - 3 scrolls of silence
 G - 3 scrolls of torment
 H - 3 scrolls of fear
 I - 5 scrolls of fog
 K - 3 scrolls of summoning
 M - 6 scrolls of blinking
 S - 7 scrolls of teleportation
 Y - a scroll of magic mapping
Potions
 f - 7 potions of lignification
 j - 2 potions of invisibility
 n - 3 potions of flight
 s - 3 potions of heal wounds
 u - 5 potions of mutation
 x - 8 potions of curing
 z - 3 potions of might
 C - 11 potions of haste
 F - 5 potions of attraction
 W - 4 potions of resistance
Miscellaneous
 U - a phantom mirror
 X - a lightning rod (4/4)


   Skills:
 + Level 15.7 Fighting
 * Level 17.3 Axes
 + Level 10.9 Throwing
 + Level 16.4 Armour
 + Level 12.9 Dodging
 + Level 5.7 Stealth
 + Level 9.0 Evocations


You had 14 spell levels left.
You didn't know any spells.
Your spell library was empty.

Dungeon Overview and Level Annotations

Branches:
Dungeon (15/15)            Temple (0/1) D:5            Lair (5/5) D:9
  Swamp (0/4) Lair:3        Snake (0/4) Lair:3        Slime (0/5) Lair:4
    Orc (2/2) D:11            Elf (0/3) Orc:2        Vaults (0/5) D:14
Ossuary (visited)         Gauntlet (visited)
 Depths: D:15

Altars:
Gozag
Kikubaaqudgha
Makhleb
Nemelex Xobeh
Ru
Uskayaw
Vehumet
Wu Jian
Xom
Yredelemnul
Zin
Jiyva

Shops:
D:2 **:*   D:10 =   D:11 *   Orc:1 (   Orc:2 :[[?

Annotations:
D:14 3 runed translucent doors, Agnes; Akransas's ghost, journeyman TrHW
Orc:2 1 runed translucent door, Nylaafy's ghost, journeyman MiFi


Innate Abilities, Weirdness & Mutations

You have a pair of horns on your head.
You reflexively headbutt those who attack you in melee.


Message History

You completely miss something. Something hits you but does no damage.
Something hits you.
* * * LOW HITPOINT WARNING * * *
Unknown command.
Aiming: Phantom Mirror
Press: ? - help, Dir - move target You can't see anything there to clone.
Unknown command.
Unknown command.
Aiming: Corrosive Bolt
Press: ? - help, Shift-Dir - straight line Something hits you but does no damage.
Something barely misses you.
Unknown command.
Unknown command.
Unknown command.
Unknown command.
Aiming: Mindburst
Press: ? - help, Shift-Dir - straight line Nothing appears to happen.
Something hits you but does no damage. Something hits you.
* * * LOW HITPOINT WARNING * * *
Unknown command.
Unknown command.
Aiming: Mindburst
Press: ? - help, Shift-Dir - straight line Nothing appears to happen.
Something hits you but does no damage.
Unknown command.
Unknown command.
You completely miss something. Something hits you.
* * * LOW HITPOINT WARNING * * *
Something hits you!
* * * LOW HITPOINT WARNING * * *
You miss something. Something hits you.
* * * LOW HITPOINT WARNING * * *
You completely miss something.
You feel the effects of Trog's Hand fading.
Something hits you!
* * * LOW HITPOINT WARNING * * *
Something hits you!
You die...

#################################
.................................
.####...#..####..##..###...#..#..
.# #...#..# #..##..# #...#..#..
.# #......####......###......#..
.####.####......####.....##'#.#..
......#..######+#..#####'#>.#....
......#...#..............'..#....
......#...'....{@.......###'#....
......'..##....##.......##..#....
......#..##....##..#######..#....
......#..##........#######..#....
......#........##..##...##..#.#..
..##..#..##....##..##...##..#....
..)...#..########...#...##..#....
......#..##......)..#...##..#....
#######............##...##..#.###


There were no monsters in sight!

Vanquished Creatures
  A minotaur (Gauntlet)
  Josephine (Orc:1)
  An ettin (Orc:1)
  A fire dragon (Lair:5)
  6 hydras
  3 vault guards (D:14)
  5 centaur warriors
  Erolcha (D:13)
  2 catoblepae
  Erica (D:10)
  6 boulder beetles
  4 ogre magi
  6 two-headed ogres
  A death knight (D:14)
  An orc high priest (Orc:1)
  12 death yaks
  Nergalle (Orc:2)
  Sonja (Orc:1)
  A skeletal warrior (D:14)
  3 wizards
  2 bog bodies (Lair:3)
  4 necromancers
  4 lindwurms
  Pikel (D:4)
  An orc knight (D:14)
  4 deep elf pyromancers
  An ugly thing (D:12)
  11 orc sorcerers
  7 manticores
  7 cyclopes
  6 elephants (Lair:5)
  Joseph (D:7)
  5 black mambas
  A cane toad (shapeshifter) (D:13)
  8 cane toads
  A torpor snail (Lair:4)
  A gargoyle (D:11)
  2 molten gargoyles (Lair:5)
  12 komodo dragons
  2 unseen horrors
  2 tengu conjurers (D:13)
  2 efreet (D:9)
  2 freezing wraiths (D:14)
  6 trolls
  3 meliai (D:12)
  Grinder (D:4)
  3 hornets (Orc:1)
  5 polar bears
  16 blink frogs
  A raiju (Gauntlet)
  7 slime creatures
  8 dream sheep (Lair:4)
  6 flying skulls (Gauntlet)
  A jumping spider (shapeshifter) (D:13)
  A centaur simulacrum (D:15)
  Sigmund (D:2)
  2 shadows
  3 vampires
  9 wraiths
  35 yaks
  9 wyverns
  16 humans (D:14)
  4 basilisks
  4 steam dragons
  13 vampire mosquitoes
  4 nagas (Lair:3)
  A warg (D:14)
  2 acid dragons (D:9)
  5 hell hounds
  18 water moccasins
  Duvessa (D:4)
  2 floating eyes (Orc:1)
  21 orc warriors
  7 black bears
  An ice beast (D:6)
  2 sky beasts
  11 ogres
  8 centaurs
  15 wolves
  2 phantoms
  3 lemures (D:4)
  4 kobold brigands
  A necrophage (D:6)
  A gnoll sergeant (D:10)
  10 bullfrogs
  4 scorpions
  26 wights
  Dowan (D:4)
  10 killer bees (D:9)
  A howler monkey (D:9)
  A crimson imp (D:13)
  3 lava snakes (Lair:5)
  2 hounds
  A centaur zombie (Ossuary)
  3 jellies
  2 gnoll boudas
  A human zombie (Ossuary)
  16 orc priests
  4 iguanas
  Ijyb (D:4)
  4 human skeletons (D:4)
  30 orc wizards
  5 hell rats (Lair:3)
  5 mummies (Ossuary)
  17 gnolls
  4 adders
  10 river rats
  4 white imps (D:5)
  An ufetubus (D:4)
  2 worms
  A dart slug (D:2)
  62 orcs
  7 bats
  11 endoplasms
  2 giant cockroaches (D:1)
  7 goblins
  8 hobgoblins
  12 jackals
  A quokka (D:4)
  5 ball pythons
  A frilled lizard (D:4)
  2 gnoll zombies (Ossuary)
  A goblin zombie (Ossuary)
  A hobgoblin zombie (Ossuary)
  10 kobolds
  An orc skeleton (D:4)
  3 orc zombies
  16 rats
727 creatures vanquished.

Vanquished Creatures (collateral kills)
  A hydra (Lair:1)
  An unseen horror (D:11)
  A water moccasin (Lair:1)
3 creatures vanquished.

Vanquished Creatures (others)
  A two-headed ogre (D:9)
  A shadow (D:9)
  An orc wizard (Orc:2)
  18 fungi
  31 plants
  4 withered plants (Gauntlet)
56 creatures vanquished.

Grand Total: 786 creatures vanquished

Notes
Turn   | Place    | Note
-------+----------+-------------------------------------------
     0 | D:1      | tilp the Minotaur Berserker began the quest for the Orb.
     0 | D:1      | Reached XP level 1. HP: 19/19 MP: 0/0
   211 | D:1      | Reached skill level 4 in Axes
   283 | D:1      | Reached XP level 2. HP: 17/27 MP: 1/1
  1268 | D:2      | Found Cuora's Assorted Antiques.
  1281 | D:2      | Reached XP level 3. HP: 21/33 MP: 2/2
  1507 | D:2      | Bought a scroll labelled HIOJEE DEHENN for 21 gold pieces
  1507 | D:2      | Bought a scroll labelled CEXEOF ULUK for 21 gold pieces
  1519 | D:2      | Reached skill level 5 in Axes
  1526 | D:2      | Reached XP level 4. HP: 40/40 MP: 3/3
  1584 | D:2      | Reached skill level 6 in Axes
  1715 | D:2      | Found a radiant altar of Vehumet.
  1883 | D:2      | Found Jiomevva's General Store.
  1895 | D:2      | Found Jagir's Book Emporium.
  2039 | D:2      | Noticed Sigmund
  2052 | D:2      | Killed Sigmund
  2053 | D:2      | Reached skill level 1 in Throwing
  2053 | D:2      | Reached XP level 5. HP: 47/47 MP: 4/4
  2124 | D:2      | Found Luedivy's Assorted Antiques.
  2395 | D:2      | Bought a scroll labelled ZUARCHA UGON for 23 gold pieces
  2395 | D:2      | Bought a scroll labelled VUELEF GUNISCHOPLEC for 23 gold
                  | pieces
  2395 | D:2      | Bought a scroll labelled ISUZIDERUR for 23 gold pieces
  2395 | D:2      | Bought a scroll labelled XUIK MEXKI for 23 gold pieces
  2523 | D:3      | Reached ** piety under Trog
  2759 | D:2      | Bought a murky grey potion for 18 gold pieces
  2759 | D:2      | Bought a murky grey potion for 18 gold pieces
  2759 | D:2      | Bought a bubbling green potion for 18 gold pieces
  2759 | D:2      | Bought an amethyst potion for 18 gold pieces
  2802 | D:2      | Bought a gluggy clear potion for 20 gold pieces
  2802 | D:2      | Bought a metallic purple potion for 20 gold pieces
  2974 | D:4      | Found a burning altar of Makhleb.
  2982 | D:4      | Reached XP level 6. HP: 53/53 MP: 5/5
  3069 | D:4      | Reached skill level 7 in Axes
  3079 | D:4      | Reached skill level 5 in Fighting
  3128 | D:4      | Found a sand-covered staircase.
  3138 | D:4      | Reached XP level 7. HP: 55/61 MP: 6/6
  3141 | Ossuary  | Entered an ossuary
  3215 | Ossuary  | Reached *** piety under Trog
  3779 | Ossuary  | Identified a scroll of acquirement
  3779 | Ossuary  | Acquired a manual of Armour
  3809 | D:4      | Noticed Ijyb
  3810 | D:4      | Found a radiant altar of Vehumet.
  3813 | D:4      | Noticed Pikel
  3819 | D:4      | Killed Ijyb
  3820 | D:4      | Reached skill level 8 in Axes
  3827 | D:4      | Killed Pikel
  3828 | D:4      | Reached skill level 1 in Stealth
  3828 | D:4      | Reached skill level 1 in Evocations
  3828 | D:4      | Reached XP level 8. HP: 47/71 MP: 7/7
  4235 | D:3      | Found a faded altar of an unknown god.
  4579 | D:3      | Found a basalt altar of Yredelemnul.
  4793 | D:4      | Found a sacrificial altar of Ru.
  5036 | D:4      | Noticed Duvessa
  5036 | D:4      | Noticed Dowan
  5040 | D:4      | Killed Duvessa
  5041 | D:4      | Reached skill level 5 in Armour
  5042 | D:4      | Killed Dowan
  5178 | D:4      | Noticed Grinder
  5189 | D:4      | Killed Grinder
  5190 | D:4      | Reached skill level 9 in Axes
  5492 | D:2      | Bought a scroll of teleportation for 30 gold pieces
  5542 | D:5      | Entered Level 5 of the Dungeon
  5555 | D:5      | Found a sparkling altar of Nemelex Xobeh.
  5642 | D:5      | Found a staircase to the Ecumenical Temple.
  6053 | D:5      | Reached skill level 5 in Dodging
  6053 | D:5      | Reached XP level 9. HP: 75/79 MP: 8/8
  6593 | D:5      | Reached **** piety under Trog
  6727 | D:4      | Found a hide-covered altar of Uskayaw.
  7189 | D:6      | Found an ornate altar of the Wu Jian Council.
  7405 | D:6      | Reached skill level 10 in Axes
  7913 | D:2      | Bought a scroll of summoning for 95 gold pieces
  8319 | D:7      | Found an opulent altar of Gozag.
  8677 | D:7      | Noticed Joseph
  8683 | D:7      | Reached XP level 10. HP: 91/91 MP: 9/9
  8692 | D:7      | Killed Joseph
  9254 | D:8      | Noticed a manticore
  9261 | D:8      | Killed a manticore
  9316 | D:8      | Reached skill level 11 in Axes
  9319 | D:8      | Reached skill level 10 in Fighting
  9420 | D:8      | Found a shimmering altar of Xom.
  9622 | D:8      | Reached skill level 12 in Axes
  9623 | D:8      | Reached skill level 10 in Armour
  9941 | D:9      | Reached XP level 11. HP: 96/99 MP: 10/10
 10233 | D:9      | Found a staircase to the Lair.
 10480 | D:9      | Reached ***** piety under Trog
 10546 | D:9      | Noticed a boulder beetle
 10546 | D:9      | Noticed a deep elf pyromancer
 10546 | D:9      | Noticed a two-headed ogre
 10552 | D:9      | Killed a two-headed ogre
 10705 | D:9      | Reached skill level 13 in Axes
 10705 | D:9      | Reached skill level 5 in Throwing
 10772 | D:9      | Killed a deep elf pyromancer
 10796 | D:9      | Killed a boulder beetle
 10797 | D:9      | Reached skill level 5 in Evocations
 11117 | D:10     | Entered Level 10 of the Dungeon
 11269 | D:10     | Found a glowing silver altar of Zin.
 11270 | D:10     | Noticed a two-headed ogre
 11282 | D:10     | Reached XP level 12. HP: 110/110 MP: 11/11
 11284 | D:10     | Killed a two-headed ogre
 11404 | D:10     | Noticed Erica
 11419 | D:10     | Killed Erica
 11516 | D:10     | Found Turez's Jewellery Boutique.
 11809 | D:10     | Reached skill level 14 in Axes
 11962 | D:11     | Found Wetos's CLEARANCE SALE!.
 11966 | D:11     | Noticed a boulder beetle
 11994 | D:11     | Killed a boulder beetle
 12771 | D:11     | Found a staircase to the Orcish Mines.
 13113 | D:10     | Bought a ring of poison resistance for 320 gold pieces
 13167 | Lair:1   | Entered Level 1 of the Lair of Beasts
 13171 | Lair:1   | Noticed a seven-headed hydra
 13178 | Lair:1   | Killed a seven-headed hydra
 13179 | Lair:1   | Reached skill level 10 in Dodging
 13506 | Lair:1   | Received a gift from Trog
 13870 | Lair:2   | Found a gate leading to a gauntlet.
 13889 | Gauntlet | Entered a Gauntlet
 13889 | Gauntlet | Found a transporter.
 13889 | Gauntlet | Found a transporter.
 13906 | Gauntlet | Found a transporter.
 13921 | Gauntlet | Found a runed translucent door.
 13924 | Gauntlet | Found a transporter.
 13924 | Gauntlet | Found a transporter.
 13926 | Gauntlet | Found a transporter.
 13926 | Gauntlet | Found a transporter.
 13929 | Gauntlet | Noticed a death yak
 13930 | Gauntlet | Noticed a death yak
 13930 | Gauntlet | Noticed a death yak
 13938 | Gauntlet | Found a transporter.
 13953 | Gauntlet | Found a runed translucent gate.
 13954 | Gauntlet | Found a transporter.
 13954 | Gauntlet | Found a runed translucent gate.
 13955 | Gauntlet | Found a runed translucent gate.
 13964 | Gauntlet | Found a transporter.
 13978 | Gauntlet | Found a transporter.
 14011 | Gauntlet | Found a transporter.
 14011 | Gauntlet | Found a transporter.
 14013 | Gauntlet | Found a runed translucent door.
 14019 | Gauntlet | Found a runed translucent door.
 14023 | Gauntlet | Found a transporter.
 14190 | Gauntlet | Killed a death yak
 14191 | Gauntlet | Reached XP level 13. HP: 116/116 MP: 12/12
 14217 | Gauntlet | Identified the +2 cloak of Saafiegi {rElec}
 14268 | Gauntlet | Noticed a minotaur
 14271 | Gauntlet | Killed a minotaur
 14656 | Lair:2   | Identified the +11 short sword "Jeqaehi" {venom, rF- rN+
                  | Str+3}
 14757 | Lair:2   | Identified the +9 short sword "Yryxaun" {vamp, *Rage +Blink
                  | rElec}
 15463 | Lair:3   | Received a gift from Trog
 15508 | Lair:3   | Found a staircase to the Swamp.
 15732 | Lair:3   | Found a staircase to the Snake Pit.
 16088 | Lair:4   | Acquired 678 gold pieces
 16302 | Lair:4   | Reached skill level 15 in Axes
 16837 | Lair:4   | Found a staircase to the Slime Pits.
 16837 | Lair:4   | Found a viscous altar of Jiyva.
 17026 | Lair:5   | Entered Level 5 of the Lair of Beasts
 17099 | Lair:5   | Reached XP level 14. HP: 129/129 MP: 13/13
 17307 | Lair:5   | Reached skill level 15 in Armour
 17855 | Lair:5   | Identified the amulet of Seovunk {Faith Str+2}
 17921 | Lair:5   | Received a gift from Trog
 18018 | Lair:5   | Found a large runed translucent door.
 18018 | Lair:5   | Found a large runed translucent door.
 18459 | Orc:1    | Entered Level 1 of the Orcish Mines
 18520 | Orc:1    | Reached skill level 16 in Axes
 18608 | Orc:1    | Found a radiant altar of Vehumet.
 18781 | Orc:1    | Noticed Josephine
 18782 | Orc:1    | Noticed Sonja
 18791 | Orc:1    | Killed Josephine
 18793 | Orc:1    | Found Miqull's Antique Weapon Boutique.
 18804 | Orc:1    | Killed Sonja
 18954 | Orc:1    | Paralysed by a hornet for 2 turns
 18962 | Orc:1    | Reached skill level 15 in Fighting
 18962 | Orc:1    | Reached skill level 10 in Throwing
 19572 | Orc:2    | Entered Level 2 of the Orcish Mines
 19599 | Orc:2    | Paralysed by an orc sorcerer for 5 turns
 19789 | Orc:2    | Found a staircase to the Elven Halls.
 19816 | Orc:2    | Received a gift from Trog
 19907 | Orc:2    | Found Pibu Git's Magic Scroll Emporium.
 20061 | Orc:2    | Found a runed translucent door.
 20066 | Orc:2    | Noticed Nylaafy's ghost (journeyman MiFi)
 20196 | Orc:2    | Found an ancient bone altar of Kikubaaqudgha.
 20196 | Orc:2    | Noticed Nergalle
 20205 | Orc:2    | Paralysed by an orc sorcerer for 3 turns
 20212 | Orc:2    | Killed Nergalle
 20244 | Orc:2    | Found Tefourod's Antique Armour Emporium.
 20251 | Orc:2    | Paralysed by an orc sorcerer for 3 turns
 20263 | Orc:2    | Found a radiant altar of Vehumet.
 20295 | Orc:2    | Found Rocku's Book Emporium.
 20317 | Orc:2    | Found Turoyxil's Antique Armour Shoppe.
 20323 | Orc:2    | Paralysed by an orc sorcerer for 4 turns
 20331 | Orc:2    | Reached XP level 15. HP: 113/133 MP: 14/14
 20748 | D:12     | Received a gift from Trog
 21229 | Orc:2    | Bought masterwork storm dragon scales for 2210 gold pieces
 21229 | Orc:2    | Identified the +5 storm dragon scales of Leqek {rElec
                  | Will++} (You bought it in a shop on level 2 of the Orcish
                  | Mines)
 21791 | D:13     | Noticed Erolcha
 21801 | D:13     | Killed Erolcha
 22958 | D:14     | Found a runed translucent gate.
 22959 | D:14     | Found a runed translucent gate.
 22959 | D:14     | Found a runed translucent gate.
 22982 | D:14     | Noticed Akransas's ghost (journeyman TrHW)
 23019 | D:14     | Reached skill level 5 in Stealth
 23567 | D:14     | Received a gift from Trog
 23607 | D:14     | Found a gate to the Vaults.
 23613 | D:14     | Reached skill level 17 in Axes
 23998 | D:15     | Entered Level 15 of the Dungeon
 24185 | D:15     | Noticed Agnes
 24209 | D:14     | HP: 3/143 [something (7)]
 24222 | D:14     | Slain by Agnes

Illustrated notes

Levels and vault maps discovered:
D:1:      nzn_arrival_water_spiral, layout_basic
D:2:      layout_loops_ring, serial_shops, shop_coins, nicolae_shop_waterfront,
          shop, nicolae_shop_waterfront, basic_altar, kennysheep_boxes,
          uniq_sigmund
D:3:      layout_loops_ring, mainiacjoe_overflow_alcove_2,
          shapermc_ecumenical_altar_gd, kennysheep_flooded_box,
          minmay_pentomino_pile
D:4:      layout_cave_pools, vehumet_altar_wand_db,
          nicolae_ru_great_annihilating_truth,
          mainiacjoe_overflow_concentric_impassable,
          nicolae_overflow_hidden_temple, nicolae_ossuary_entry_catacombs,
          uniq_pikel, uniq_ijyb, uniq_grinder, uniq_duvessa
D:5:      layout_basic, mainiacjoe_overflow_brackets,
          minmay_temple_entry_purple_smoke, grunt_tough_drop
D:6:      layout_basic, nzn_wu_jian_contemplation, minmay_quadrilaterals
D:7:      layout_gridville, nicolae_gozag_cash_rules_everything_around_me,
          uniq_joseph
D:8:      layout_gridville, lemuel_doored_altar
D:9:      minmay_the_grid_triangle_9x9_rhombus_thin
          [minmay_the_grid_triangle_9x9_cache,
          minmay_the_grid_triangle_9x9_prize_top_heavy,
          minmay_the_grid_triangle_9x9_stretched_checkered,
          minmay_the_grid_triangle_9x9_swiss_cheese], layout_basic,
          minmay_lair_entry_grove
D:10:     layout_cross, mainiacjoe_overflow_boulevard, serial_shops,
          shop_statue, uniq_erica
D:11:     layout_loops_ring, orc_0_dummy, nicolae_shop_clearance
D:12:     layout_irregular_city, minmay_liquid_box, chequers_garden
D:13:     layout_basic, lightli_wizard_tower, uniq_erolcha
D:14:     layout_stronghold, grunt_vaults_entry_tiered,
          maelrawn_ghost_gauntlet_escape, corexii_corridor_pit, lightli_minifort
D:15:     grunt_enter_depths_snipers, layout_rooms, special_room
          [special_room_mythical_zoo], minmay_misc_feat_encased,
          lemuel_blue_sif_altar, uniq_agnes
Lair:1:   layout_misc_corridors, minivault_25
Lair:2:   layout_loops_ring, gauntlet_entry_generic, pond, grunt_megastairs_3,
          serial_bayou_shore_a
Lair:3:   layout_gridlike, skrybe_swamp_entry_bodies,
          minmay_snake_entry_guardpost_small, chequers_serial_rivers_micro_d,
          kennysheep_abandoned_house
Lair:4:   layout_roguey, slime_entry_1, nicolae_lair_lindhole
Lair:5:   cheibrodos_lair_end_hotspot, layout_regular_city
Orc:1:    hellmonk_paralyzer, layout_diamond_mine, basic_altar, serial_shops,
          shop_statue, uniq_josephine, uniq_sonja
Orc:2:    kennysheep_orc_mage_school, layout_diamond_mine,
          ebering_ghost_reflecting_pool

Skill      XL: |  1  2  3  4  5  6  7  8  9 10 11 12 13 14 15 |
---------------+----------------------------------------------+-----
Axes           | 4 5 6 7 8 9 10 12 13 14 15 16 17 | 17.3
Fighting       | 4 5 6 7 9 10 11 12 13 15 | 15.7
Throwing       | 1 2 3 4 5 6 8 10 | 10.9
Armour         | 3 4 6 7 10 12 14 15 16 | 16.4
Dodging        | 3 4 5 6 7 10 11 12 | 12.9
Stealth        | 1 2 3 4 5 |  5.7
Evocations     | 1 2 3 4 5 6 7 8 9 |  9.0

Action                   |  1- 3 |  4- 6 |  7- 9 | 10-12 | 13-15 || total
-------------------------+-------+-------+-------+-------+-------++-------
Melee: Hand axe          |    55 |    90 |   329 |    43 |       ||   517
       Headbutt          |     6 |    10 |    60 |   104 |   188 ||   368
       Punch             |     1 |       |     6 |    11 |     6 ||    24
       War axe           |       |       |       |   456 |   472 ||   928
       Battleaxe         |       |       |       |       |   427 ||   427
       Halberd           |       |       |       |       |    10 ||    10
       Broad axe         |       |       |       |       |    16 ||    16
Throw: Dart              |       |       |       |     9 |       ||     9
       Boomerang         |       |       |       |     3 |       ||     3
Invok: Berserk           |     1 |     3 |    11 |    14 |    15 ||    44
       Trog's Hand       |       |       |       |     1 |     3 ||     4
       Brothers in Arms  |       |       |       |     2 |       ||     2
Evoke: Wand              |       |       |       |     2 |     3 ||     5
       Phantom mirror    |       |       |       |     1 |       ||     1
  Use: Scroll            |     2 |    10 |     7 |    10 |     2 ||    31
       Potion            |       |       |       |       |     3 ||     3
 Stab: Paralysed         |       |       |     1 |       |       ||     1
Armor: Animal skin       |     1 |       |       |       |       ||     1
       Leather armour    |    20 |     5 |       |       |       ||    25
       Plate armour      |       |    20 |   152 |       |       ||   172
       Chain mail        |       |       |    15 |   279 |   349 ||   643
       Storm dragon scal |       |       |       |       |   236 ||   236
Dodge: Dodged            |    50 |    29 |    99 |   293 |   478 ||   949
